[Event "Titled Tuesday Blitz July 25 Late 2023"]
[White "Moore, Nicholas"]
[Black "campochess"]
[WhiteFideId "4303709"]
[WhiteElo "2450"]
[BlackElo "2214"]
[Result "1-0"]
[Round "11"]
[TimeControl "180+2"]
[Date "2023.07.25"]
[WhiteClock "0:01:11"]
[BlackClock "0:00:43"]
[Board "68"]

1. c4 e6 2. g3 c6 3. Bg2 d5 4. b3 Qf6 5. Nc3 d4 6. Ne4 Qd8 7. d3 e5 8. Nf3 f5 9. Ned2 Bd6 10. c5 Bc7 11. Nc4 Qe7 12. b4 a5 13. Ba3 axb4 14. Bxb4 Na6 15. a3 Nf6 16. O-O O-O 17. Qc2 Nd5 18. Rab1 Naxb4 19. axb4 Be6 20. Ncxe5 Nc3 21. Rb2 Bd5 22. Nc4 Bxc4 23. dxc4 Rfe8 24. Nxd4 Ne4 25. Nxf5 Qe5 26. Bxe4 Qxe4 27. Qxe4 Rxe4 28. Ne3 Ra3 29. Rd1 Be5 30. Rbd2 Raxe3 31. fxe3 Rxe3 32. Rd7 Bf6 33. Kf2 Rc3 34. Rxb7 Rxc4 35. Rdd7 h5 36. Rdc7 Bc3 37. Rxc6 Bxb4 38. Rb5 Bd2 39. Rd6 Bg5 40. c6 Be7 41. Rd7 Kf8 42. c7 Ke8 43. Rbd5 1-0


[Site "https://www.chess.com"]

[Event "Titled Tuesday Blitz July 25 Late 2023"]
[White "Osmonbekov, Talaibek"]
[Black "Ladan, Nicholas"]
[WhiteFideId "2017253"]
[BlackFideId "30918855"]
[WhiteElo "2207"]
[BlackElo "2437"]
[Result "1-0"]
[Round "11"]
[TimeControl "180+2"]
[Date "2023.07.25"]
[WhiteClock "0:00:05"]
[BlackClock "0:00:22"]
[Board "69"]

1. d4 d5 2. Nc3 Nf6 3. Bf4 a6 4. e3 c5 5. Nf3 Nc6 6. dxc5 Bg4 7. h3 Bxf3 8. Qxf3 e6 9. Be2 d4 10. Rd1 Bxc5 11. Qg3 Qa5 12. Qxg7 Rg8 13. Qxf6 dxc3 14. b3 Be7 15. Qh6 Rxg2 16. Bf3 Rg6 17. Qxh7 Bf6 18. Be4 Ne7 19. Bxg6 Nxg6 20. Qg8+ Nf8 21. Rg1 Qxa2 22. Bd6 O-O-O 23. Qxf7 Nd7 24. Qxe6 b5 25. Qe4 Nb8 26. Ke2 Qa5 27. Bxb8 Kxb8 28. Rxd8+ Bxd8 29. Qf4+ Bc7 30. Rg8+ Ka7 31. Qd4+ Qb6 32. Qxb6+ Kxb6 33. Rg6+ Kc5 34. h4 a5 35. h5 a4 36. bxa4 bxa4 37. Kd3 Be5 38. Ra6 Kb4 39. f4 Bh8 40. e4 Ka3 41. e5 Kb2 42. Rxa4 Kb1 43. Kxc3 Bg7 44. Ra7 Bh6 45. f5 Bc1 46. e6 Bb2+ 47. Kd3 Bf6 48. e7 Bxe7 49. Rxe7 Kc1 50. f6 Kb1 51. f7 Kc1 52. f8=Q Kb1 53. Qf1+ Kb2 54. Rb7+ Ka3 55. Qa1# 1-0


[Site "https://www.chess.com"]

[Event "Titled Tuesday Blitz July 25 Late 2023"]
[White "Vega Gutierrez, Sabrina"]
[Black "Winkels, Marcel"]
[WhiteFideId "2219026"]
[BlackFideId "1003887"]
[WhiteElo "2431"]
[BlackElo "2101"]
[Result "1-0"]
[Round "11"]
[TimeControl "180+2"]
[Date "2023.07.25"]
[WhiteClock "0:02:02"]
[BlackClock "0:01:08"]
[Board "70"]

1. e4 c5 2. Nf3 e6 3. d4 cxd4 4. Nxd4 Nc6 5. Nc3 Qc7 6. Be3 a6 7. f4 d6 8. Qf3 Nf6 9. O-O-O Be7 10. g4 Nxd4 11. Bxd4 e5 12. fxe5 dxe5 13. Qg3 Nd7 14. Nd5 Qd8 15. Bxe5 Nxe5 16. Qxe5 Be6 17. Nc7+ Kf8 18. Rxd8+ Rxd8 19. Nxe6+ fxe6 20. Bc4 Rd6 21. Rf1+ Ke8 22. Qxg7 Rf8 23. Rxf8+ Bxf8 24. Qxh7 e5 25. Qf7+ Kd8 26. Qxf8+ Kc7 27. Bd5 Rxd5 28. exd5 e4 29. Qe7+ Kb6 30. Qxe4 Ka7 31. Qd4+ Ka8 32. d6 1-0


[Site "https://www.chess.com"]

[Event "Titled Tuesday Blitz July 25 Late 2023"]
[White "Bazilius, Augustinas"]
[Black "Vlassov, Nikolai"]
[WhiteFideId "12832251"]
[BlackFideId "4103360"]
[WhiteElo "2399"]
[BlackElo "2549"]
[Result "1-0"]
[Round "11"]
[TimeControl "180+2"]
[Date "2023.07.25"]
[WhiteClock "0:00:22"]
[BlackClock "0:00:00"]
[Board "71"]

1. e4 Nc6 2. c4 e5 3. Nc3 Bc5 4. d3 d6 5. Be3 f5 6. exf5 Bxf5 7. Qd2 Nf6 8. O-O-O O-O 9. Nf3 Nd4 10. Ne2 Nxf3 11. gxf3 Nd7 12. d4 Bb6 13. dxe5 Nxe5 14. Nd4 Bxd4 15. Qxd4 Qf6 16. f4 Nc6 17. Qxf6 Rxf6 18. c5 dxc5 19. Bc4+ Be6 20. Bxe6+ Rxe6 21. Bxc5 Rd8 22. Rxd8+ Nxd8 23. Rd1 Nf7 24. Bxa7 Ra6 25. Be3 Nd6 26. a3 Kf7 27. Rd5 Ra4 28. Rc5 Rc4+ 29. Rxc4 Nxc4 30. Kc2 Ke6 31. Kc3 Kd5 32. a4 g6 33. b3 Nd6 34. b4 c6 35. f3 Nf5 36. Bf2 Ne7 37. a5 Ke6 38. Kc4 Nd5 39. Kc5 Kd7 40. b5 Nxf4 41. a6 bxa6 42. bxa6 Kc8 43. Bg3 Ne6+ 44. Kb6 1-0


[Site "https://www.chess.com"]

[Event "Titled Tuesday Blitz July 25 Late 2023"]
[White "Fonseca Manrique, Enrique"]
[Black "DampFalcon"]
[WhiteFideId "5114330"]
[WhiteElo "2535"]
[BlackElo "2388"]
[Result "1-0"]
[Round "11"]
[TimeControl "180+2"]
[Date "2023.07.25"]
[WhiteClock "0:01:16"]
[BlackClock "0:00:17"]
[Board "72"]

1. e4 c5 2. Nf3 g6 3. d4 cxd4 4. c3 dxc3 5. Nxc3 Nc6 6. h4 Bg7 7. h5 d6 8. Bc4 Bg4 9. Bxf7+ Kxf7 10. Ng5+ Ke8 11. Qxg4 Ne5 12. Qe2 Qd7 13. Be3 Nf6 14. h6 Bf8 15. O-O-O Neg4 16. f3 Ne5 17. Kb1 Qc6 18. Rc1 Qa6 19. Nb5 Kd8 20. Bd4 Nc6 21. Bxf6 exf6 22. Nf7+ Ke7 23. Nxh8 Nb4 24. a3 Nc6 25. Qc4 Ne5 26. Qc7+ Ke6 27. Nd4# 1-0


[Site "https://www.chess.com"]

[Event "Titled Tuesday Blitz July 25 Late 2023"]
[White "Jaskolka, Tomasz"]
[Black "Topalov, Aleksandar"]
[WhiteFideId "1170791"]
[BlackFideId "925659"]
[WhiteElo "2521"]
[BlackElo "2358"]
[Result "1-0"]
[Round "11"]
[TimeControl "180+2"]
[Date "2023.07.25"]
[WhiteClock "0:00:37"]
[BlackClock "0:00:02"]
[Board "73"]

1. e4 e6 2. Nf3 d5 3. e5 Ne7 4. d4 Qd7 5. Nc3 b6 6. Bg5 Ba6 7. Bxa6 Nxa6 8. Qe2 Nb8 9. O-O c5 10. Nb5 Nf5 11. c3 a6 12. Na3 Nc6 13. Rfd1 h6 14. Bf4 cxd4 15. Nxd4 Ncxd4 16. cxd4 Be7 17. Rac1 O-O 18. Rc3 b5 19. Rh3 f6 20. Qg4 fxe5 21. Bxe5 Bf6 22. Bf4 Bxd4 23. Bxh6 Bxb2 24. Nc2 Nxh6 25. Rxh6 Bf6 26. Ne3 d4 27. Qg6 Qe8 28. Qh7+ Kf7 29. Ng4 Ke7 30. Nxf6 Rxf6 31. Qxg7+ Qf7 32. Qg5 Rd8 33. Qh4 Kd7 34. Rh7 Kc7 35. Rxf7+ 1-0


[Site "https://www.chess.com"]

[Event "Titled Tuesday Blitz July 25 Late 2023"]
[White "Xia, Brandon"]
[Black "D`Arruda, Ricardo D."]
[WhiteFideId "30921880"]
[BlackFideId "100692"]
[WhiteElo "2357"]
[BlackElo "2479"]
[Result "1-0"]
[Round "11"]
[TimeControl "180+2"]
[Date "2023.07.25"]
[WhiteClock "0:00:43"]
[BlackClock "0:00:55"]
[Board "74"]

1. b3 e5 2. Bb2 Nc6 3. e3 Nf6 4. Bb5 d6 5. Nf3 Be7 6. d4 exd4 7. Nxd4 Bd7 8. Nxc6 Bxc6 9. Bxc6+ bxc6 10. O-O O-O 11. c4 c5 12. Nc3 Qd7 13. Qf3 Qg4 14. Qxg4 Nxg4 15. Nd5 Bd8 16. h3 Nh6 17. g4 f6 18. Rfd1 Re8 19. Kg2 Nf7 20. h4 Ne5 21. Kg3 Nc6 22. a3 a5 23. Rd3 Rb8 24. Rad1 Ne5 25. Bxe5 fxe5 26. e4 Rb7 27. Rf3 Be7 28. Rdd3 Bf8 29. Rf5 Reb8 30. Rdf3 c6 31. Ne3 Rxb3 32. a4 Be7 33. Rf7 Re8 34. Rxg7+ Kxg7 35. Nf5+ Kg8 36. Rxb3 Bf8 37. Rb7 Rd8 38. f3 d5 39. cxd5 cxd5 40. exd5 Rxd5 41. Rb5 Rd3 42. Rxa5 e4 43. Ra8 Rxf3+ 44. Kg2 c4 45. Nd6 Rf4 46. Kg3 Rf3+ 47. Kg2 Rd3 48. Nxe4 Rd4 49. Kf3 Kf7 50. Ng5+ Ke7 51. Nxh7 Bh6 52. g5 Rxh4 53. gxh6 Rxh6 54. Ng5 Rc6 55. Ke2 c3 56. Kd1 Kf6 57. Nf3 Kf5 58. Nd4+ 1-0


[Site "https://www.chess.com"]

[Event "Titled Tuesday Blitz July 25 Late 2023"]
[White "MateoReyes"]
[Black "Korpics, Zsolt"]
[BlackFideId "705241"]
[WhiteElo "2466"]
[BlackElo "2352"]
[Result "1-0"]
[Round "11"]
[TimeControl "180+2"]
[Date "2023.07.25"]
[WhiteClock "0:00:02"]
[BlackClock "0:00:03"]
[Board "75"]

1. Nf3 Nf6 2. d4 e6 3. c4 b6 4. g3 Ba6 5. Nbd2 Bb4 6. Qc2 O-O 7. Bg2 Bb7 8. O-O d6 9. Nb3 d5 10. c5 bxc5 11. dxc5 c6 12. a3 Ba5 13. Nxa5 Qxa5 14. b4 Qd8 15. Bb2 Nbd7 16. Rad1 Qc7 17. Rfe1 e5 18. e3 a5 19. Nh4 g6 20. f4 axb4 21. axb4 Ra2 22. Qb1 Ra4 23. Bc3 e4 24. Qb2 Qd8 25. Bh3 Qe7 26. f5 Ba6 27. Ng2 g5 28. g4 Bc4 29. Ra1 Rfa8 30. Rxa4 Rxa4 31. Ra1 Rxa1+ 32. Qxa1 Ne8 33. Ne1 f6 34. Nc2 Nc7 35. Nd4 Ne5 36. Qa7 Kf7 37. Qb8 Ne8 38. Ne6 Nf3+ 39. Kg2 Ng7 40. Nd8+ Kg8 41. Nxc6+ Qf8 42. Qxf8+ Kxf8 43. Bxf6 Ne8 44. Bc3 Nc7 45. Ne5 Nb5 46. Ba1 Ba2 47. c6 Ke7 48. Kg3 Nd2 49. Bg2 Nc4 50. Nxc4 Bxc4 51. Be5 Na7 52. f6+ Kf7 53. c7 Nc8 54. Kf2 Nb6 55. Bf1 Bxf1 56. Kxf1 Nc8 57. Ke2 Ke6 58. Kd2 Nb6 59. Kc3 h5 60. gxh5 g4 61. h6 Kf7 62. h7 Ke6 63. h8=Q Kxe5 64. f7+ Kf5 65. f8=Q+ Kg5 66. Qhh6# 1-0


[Site "https://www.chess.com"]

[Event "Titled Tuesday Blitz July 25 Late 2023"]
[White "kiwibobo"]
[Black "Balla, Tamas-Kristof"]
[BlackFideId "1208497"]
[WhiteElo "2349"]
[BlackElo "2449"]
[Result "1-0"]
[Round "11"]
[TimeControl "180+2"]
[Date "2023.07.25"]
[WhiteClock "0:00:43"]
[BlackClock "0:00:00"]
[Board "76"]

1. e4 c5 2. Nf3 Nc6 3. d4 cxd4 4. Nxd4 e5 5. Nb5 d6 6. c4 Be7 7. N1c3 a6 8. Na3 f5 9. exf5 Bxf5 10. Bd3 Be6 11. O-O Nf6 12. Nc2 O-O 13. Bg5 Qd7 14. Ne3 Rae8 15. Qb1 h6 16. Bxf6 Bxf6 17. Bg6 Rc8 18. Ncd5 Bd8 19. Qe4 Nd4 20. b3 Ne2+ 21. Kh1 Nf4 22. Rad1 b5 23. cxb5 axb5 24. Nxf4 Rxf4 25. Qd3 Be7 26. Nd5 Rd4 27. Nxe7+ Qxe7 28. Qxb5 Rxd1 29. Rxd1 Qf6 30. Qd3 d5 31. Bh7+ Kh8 32. Qg6 Qxf2 33. Qxe6 Rf8 34. Bd3 e4 35. Bb5 e3 36. h3 d4 37. Qe4 Rf4 38. Qe8+ Kh7 39. Bd3+ g6 40. Qxg6+ 1-0


[Site "https://www.chess.com"]

[Event "Titled Tuesday Blitz July 25 Late 2023"]
[White "arturdailima"]
[Black "ExchangeAB"]
[WhiteElo "2342"]
[BlackElo "2449"]
[Result "0-1"]
[Round "11"]
[TimeControl "180+2"]
[Date "2023.07.25"]
[WhiteClock "0:00:30"]
[BlackClock "0:00:53"]
[Board "77"]

1. e4 c6 2. d4 d5 3. exd5 cxd5 4. c4 Nf6 5. Nc3 e6 6. Bg5 Qa5 7. Bxf6 gxf6 8. cxd5 Bb4 9. Qb3 O-O 10. Nf3 exd5 11. Be2 Re8 12. a3 Bxc3+ 13. Qxc3 Qxc3+ 14. bxc3 Nc6 15. Kd2 Na5 16. Rab1 b6 17. Rhe1 Bf5 18. Rb5 Rad8 19. Nh4 Bg6 20. f4 Be4 21. g3 f5 22. Rb2 Re7 23. Bf1 Rc7 24. Rc1 Rdc8 25. Rb4 Nc4+ 26. Bxc4 Rxc4 27. h3 R8c6 28. g4 fxg4 29. hxg4 a5 30. Rb5 Ra4 31. Ra1 Kg7 32. Ra2 Rac4 33. Rb3 a4 34. Rb4 Rxc3 35. Rxa4 Rh3 36. Nf5+ Bxf5 37. gxf5 Rh2+ 0-1


[Site "https://www.chess.com"]

[Event "Titled Tuesday Blitz July 25 Late 2023"]
[White "SergioMoralesG"]
[Black "AndresDelgado77"]
[WhiteElo "2444"]
[BlackElo "2338"]
[Result "0-1"]
[Round "11"]
[TimeControl "180+2"]
[Date "2023.07.25"]
[WhiteClock "0:00:04"]
[BlackClock "0:00:05"]
[Board "78"]

1. d4 Nf6 2. c4 e5 3. dxe5 Ng4 4. Bf4 g5 5. Bg3 Bg7 6. Nf3 Nc6 7. h4 Ngxe5 8. Nxg5 Nxc4 9. Qd5 Qe7 10. Qxc4 Bxb2 11. Nd2 Bxa1 12. e3 h6 13. Ngf3 d6 14. Qb3 O-O 15. Bd3 Be6 16. Qxb7 Bd5 17. Qb1 Bg7 18. O-O Rab8 19. Qd1 Nb4 20. Bb1 Nxa2 21. Nd4 Nc3 22. Qg4 Nxb1 23. Nxb1 Qe4 24. Bf4 Rxb1 25. Rxb1 Qxb1+ 26. Kh2 Qg6 27. Qh3 Be5 28. Nf5 Kh7 29. g4 Bxf4+ 30. exf4 Be6 31. Ne3 Qe4 32. f5 Bd5 33. Qf1 Qf4+ 34. Kh3 Qf3+ 35. Kh2 Qf4+ 36. Kh3 Be4 37. Qd1 Rb8 38. Qc1 Rb1 39. Qxb1 Bxb1 40. Nd5 Qf3+ 41. Kh2 Qxd5 42. g5 Qf3 43. g6+ fxg6 44. fxg6+ Kxg6 45. h5+ Kg5 46. Kg1 Bd3 47. Kh2 Be4 48. Kg1 Qg2# 0-1


[Site "https://www.chess.com"]

[Event "Titled Tuesday Blitz July 25 Late 2023"]
[White "Vifleemskaia, Svetlana"]
[Black "Fiorito, Joaquin"]
[WhiteFideId "4129490"]
[BlackFideId "180173"]
[WhiteElo "2327"]
[BlackElo "2733"]
[Result "0-1"]
[Round "11"]
[TimeControl "180+2"]
[Date "2023.07.25"]
[WhiteClock "0:00:00"]
[BlackClock "0:00:48"]
[Board "79"]

1. d4 Nf6 2. c4 e6 3. Nc3 Bb4 4. e3 O-O 5. Ne2 Re8 6. a3 Bf8 7. Ng3 b6 8. Bd3 Bb7 9. O-O d6 10. e4 Nbd7 11. b4 a5 12. Bd2 e5 13. d5 g6 14. Qc2 Bg7 15. Ra2 Kh8 16. Nd1 Ng8 17. Ne3 Bh6 18. Rb1 a4 19. Rf1 Ne7 20. Ng4 Bxd2 21. Qxd2 Rf8 22. f4 f6 23. f5 g5 24. Ne3 Qe8 25. Qe2 Qf7 26. Qh5 Qxh5 27. Nxh5 Nb8 28. Rc1 c5 29. b5 Bc8 30. Ng4 Ng8 31. Ne3 Bd7 32. g4 Be8 33. Ng3 Ra7 34. Kg2 h5 35. h3 Rh7 36. Rh1 Nh6 37. Kf3 Kg7 38. Rah2 Rfh8 39. Kg2 Ng8 40. Be2 Nh6 41. Nxh5+ Bxh5 42. gxh5 Nd7 43. Bd1 Nf7 44. Bg4 Nd8 45. Nd1 Nb7 46. Nc3 Na5 47. Be2 Nb3 48. Nxa4 Ra8 0-1


[Site "https://www.chess.com"]

[Event "Titled Tuesday Blitz July 25 Late 2023"]
[White "Golubev, Mikhail"]
[Black "Georg, Heinz"]
[WhiteFideId "14100983"]
[BlackFideId "4607295"]
[WhiteElo "2523"]
[BlackElo "2288"]
[Result "0-1"]
[Round "11"]
[TimeControl "180+2"]
[Date "2023.07.25"]
[WhiteClock "0:00:00"]
[BlackClock "0:01:08"]
[Board "80"]

1. e4 c5 2. Nf3 Nc6 3. Nc3 d6 4. d4 cxd4 5. Nxd4 e5 6. Nf5 Bxf5 7. exf5 Nf6 8. Bc4 Nd4 9. Bg5 Be7 10. Bxf6 Bxf6 11. O-O Nxf5 12. Qf3 Nd4 13. Qxb7 O-O 14. Bd3 Rb8 15. Qe4 g6 16. Rab1 Bg7 17. Qd5 Kh8 18. Ne4 Rb6 19. c3 Ne6 20. g3 f5 21. Nd2 Nc7 22. Qa5 Qb8 23. Nb3 d5 24. Be2 f4 0-1


[Site "https://www.chess.com"]

[Event "Titled Tuesday Blitz July 25 Late 2023"]
[White "JERO-8914"]
[Black "Manon-og, Ramon Jr."]
[BlackFideId "5200776"]
[WhiteElo "2480"]
[BlackElo "2311"]
[Result "1-0"]
[Round "11"]
[TimeControl "180+2"]
[Date "2023.07.25"]
[WhiteClock "0:01:11"]
[BlackClock "0:00:22"]
[Board "81"]

1. d4 d5 2. c4 dxc4 3. Nf3 Nf6 4. e3 Bg4 5. Bxc4 e6 6. Nbd2 Bb4 7. O-O Nc6 8. Bb5 a6 9. Bxc6+ bxc6 10. Qc2 Qd7 11. Ne5 Qd6 12. Ndc4 Qe7 13. Nxc6 Qd7 14. Nxb4 e5 15. Nxe5 Bf5 16. Nxd7 Bxc2 17. Nxf6+ gxf6 18. Nxc2 Rb8 19. b3 Rg8 20. Ba3 Kd7 21. Nb4 a5 22. Nd5 Rg5 23. Nxf6+ Ke6 24. Ne4 Rg7 25. Rfc1 Rbg8 26. g3 f5 27. Nc5+ Kd5 28. f3 h5 29. e4+ Kxd4 30. Bb2+ Ke3 31. Bxg7 Rxg7 32. Rc3+ Kd2 33. Rac1 f4 34. R1c2+ Kd1 35. Kf2 fxg3+ 36. hxg3 Rg6 37. Nd3 Rd6 38. Nb2# 1-0


[Site "https://www.chess.com"]

[Event "Titled Tuesday Blitz July 25 Late 2023"]
[White "Estrada Nieto, Julian"]
[Black "disciplinedbrat"]
[WhiteFideId "5101018"]
[WhiteElo "2456"]
[BlackElo "2277"]
[Result "0-1"]
[Round "11"]
[TimeControl "180+2"]
[Date "2023.07.25"]
[WhiteClock "0:00:06"]
[BlackClock "0:00:13"]
[Board "82"]

1. e4 a6 2. d4 b6 3. Nf3 Bb7 4. Bd3 g6 5. O-O Bg7 6. c3 h6 7. Qe2 e6 8. Rd1 Ne7 9. Nbd2 d6 10. Nf1 Nd7 11. Ng3 e5 12. h4 c5 13. dxe5 dxe5 14. h5 Qc7 15. Bc4 b5 16. Bd5 O-O-O 17. Bxb7+ Qxb7 18. a4 c4 19. axb5 axb5 20. Be3 Nb6 21. Bc5 Na4 22. Bxe7 Qxe7 23. Rxd8+ Rxd8 24. hxg6 fxg6 25. Rxa4 bxa4 26. Qxc4+ Kb8 27. Qxa4 Qd7 28. Qb4+ Qb7 29. Qa5 Rd1+ 30. Kh2 Qxb2 31. Nxe5 Qxf2 32. Qb4+ Ka8 33. Qa4+ Kb8 34. Qb4+ Kc8 35. Qc4+ Kb7 36. Qb3+ Ka6 37. Qxd1 Bxe5 38. Qf3 Qxf3 39. gxf3 Bxc3 40. Kh3 Kb6 41. f4 Kc6 42. f5 g5 43. Kg4 Kd6 44. Nh5 Ke5 45. f6 Kxe4 46. f7 Bb4 47. Nf6+ Ke5 48. Nd7+ Ke6 49. f8=Q Bxf8 50. Nxf8+ Kf7 51. Kh5 Kxf8 52. Kxh6 g4 0-1


[Site "https://www.chess.com"]

[Event "Titled Tuesday Blitz July 25 Late 2023"]
[White "Mendez Machado, Andre"]
[Black "Arnold, Ken"]
[WhiteFideId "6603793"]
[BlackFideId "2056836"]
[WhiteElo "2283"]
[BlackElo "2418"]
[Result "1/2-1/2"]
[Round "11"]
[TimeControl "180+2"]
[Date "2023.07.25"]
[WhiteClock "0:00:02"]
[BlackClock "0:00:32"]
[Board "83"]

1. e4 c5 2. Nc3 d6 3. d4 cxd4 4. Qxd4 Nc6 5. Qd2 Nf6 6. b3 g6 7. Bb2 Bg7 8. f3 O-O 9. O-O-O Be6 10. Kb1 h5 11. h4 Rc8 12. Nge2 a6 13. Nf4 Qd7 14. Nxe6 Qxe6 15. Nd5 Ne5 16. Nf4 Qd7 17. Bxe5 dxe5 18. Qxd7 Nxd7 19. Nxg6 fxg6 20. Rxd7 Rfd8 21. Bc4+ Kf8 22. Rxb7 Rd6 23. Ra7 Rxc4 24. bxc4 Rb6+ 25. Ka1 Bh6 26. Rb1 Rd6 27. Rb8+ Kf7 28. Rbb7 Re6 29. c5 Be3 30. Rc7 Bd4+ 31. c3 Bxc3+ 32. Kb1 Bd4 33. Kc2 Kf6 34. Kd3 g5 35. hxg5+ Kxg5 36. Rxe7 Rh6 37. Rg7+ Kh4 38. Rac7 a5 39. Kc4 a4 40. Kb4 a3 41. Kxa3 Bxc5+ 42. Rxc5 Ra6+ 43. Kb3 Ra3+ 44. Kc4 Ra4+ 45. Kd5 Rd4+ 46. Ke6 Rd6+ 47. Kf7 Rd7+ 48. Kg6 Rd6+ 49. Kh7 Rh6+ 50. Kg8 Rh8+ 51. Kf7 Rf8+ 52. Ke6 Rf6+ 53. Kd7 Rd6+ 54. Kc7 Rc6+ 55. Kb8 Rb6+ 56. Ka7 Ra6+ 57. Kb7 Ra7+ 58. Kxa7 1/2-1/2


[Site "https://www.chess.com"]

[Event "Titled Tuesday Blitz July 25 Late 2023"]
[White "rikchessmx"]
[Black "Reprintsev, Alexander"]
[BlackFideId "14100541"]
[WhiteElo "2273"]
[BlackElo "2402"]
[Result "0-1"]
[Round "11"]
[TimeControl "180+2"]
[Date "2023.07.25"]
[WhiteClock "0:00:16"]
[BlackClock "0:00:15"]
[Board "84"]

1. e4 d5 2. exd5 Qxd5 3. Nc3 Qa5 4. Bc4 Nf6 5. d3 Nc6 6. h3 e5 7. Bd2 Qc5 8. Nf3 a6 9. Ng5 Nd8 10. a3 b5 11. Qf3 Bb7 12. Nce4 bxc4 13. Nxc5 Bxf3 14. Nxf3 Bxc5 15. Nxe5 cxd3 16. Nxd3 Bd6 17. O-O O-O 18. c4 Ne6 19. b4 c5 20. Rfd1 Rfd8 21. Be3 Bf8 22. Nxc5 Nxc5 23. bxc5 Ne4 24. c6 Rdc8 25. f3 Nc5 26. Rd5 Rxc6 27. Rad1 Ne6 28. f4 Rxc4 29. f5 Nc7 30. Rd8 Rc3 31. Kf2 Rxd8 32. Rxd8 f6 33. Rc8 Nb5 34. Ra8 Nxa3 35. Rxa6 Nc4 36. Bf4 Rc2+ 37. Kf3 Rc3+ 38. Kf2 Nb2 39. Ra8 Nd3+ 40. Ke3 Nxf4+ 41. Kxf4 Rc2 42. g4 Kf7 43. Ra7+ Be7 44. Kg3 Rd2 45. h4 Ke8 46. Ra8+ Rd8 47. Ra7 Rd7 48. Ra8+ Kf7 49. Ra6 Bd6+ 50. Kf3 Be5 51. g5 h6 52. g6+ Ke7 53. Ra8 Kd6 54. Ke4 Kc5 55. h5 Kc4 56. Rg8 Kc3 57. Kf3 Kd4 58. Kg4 Ke3 59. Re8 Rd4+ 60. Kh3 Kf3 61. Re7 Rd1 62. Kh4 Rh1# 0-1


[Site "https://www.chess.com"]

[Event "Titled Tuesday Blitz July 25 Late 2023"]
[White "Chemin, Justo Reinaldo"]
[Black "Eggleston, Thomas A"]
[WhiteFideId "2101580"]
[BlackFideId "412139"]
[WhiteElo "2269"]
[BlackElo "2393"]
[Result "1-0"]
[Round "11"]
[TimeControl "180+2"]
[Date "2023.07.25"]
[WhiteClock "0:00:01"]
[BlackClock "0:00:00"]
[Board "85"]

1. e4 e6 2. d4 d5 3. Nc3 Nf6 4. exd5 exd5 5. Bd3 c5 6. dxc5 Bxc5 7. Nf3 O-O 8. O-O h6 9. h3 Re8 10. Na4 Bd6 11. Be3 Nc6 12. c3 Ne4 13. Bxe4 dxe4 14. Nd4 Nxd4 15. Qxd4 Qe7 16. Nc5 Bc7 17. Nb3 Rd8 18. Qc4 Qd6 19. g3 Bxh3 20. Rfd1 Qe7 21. Bc5 Qg5 22. Be3 Qh5 23. Rxd8+ Rxd8 24. Qxe4 Bg4 25. Qh1 Qf5 26. Nd4 Qd3 27. Qxb7 Bxg3 28. Qe7 Rc8 29. fxg3 Bh3 30. Re1 Qg6 31. Bf4 1-0


[Site "https://www.chess.com"]

[Event "Titled Tuesday Blitz July 25 Late 2023"]
[White "Doluhanova, Evgeniya"]
[Black "The_Straightforward_Rook"]
[WhiteFideId "14112035"]
[WhiteElo "2269"]
[BlackElo "2389"]
[Result "1-0"]
[Round "11"]
[TimeControl "180+2"]
[Date "2023.07.25"]
[WhiteClock "0:00:13"]
[BlackClock "0:00:08"]
[Board "86"]

1. e4 e5 2. Nf3 Nc6 3. Bb5 a6 4. Ba4 Bc5 5. d3 d6 6. c3 Ne7 7. h3 Ba7 8. Qe2 O-O 9. Be3 Bd7 10. Bb3 Kh8 11. Nbd2 f6 12. g4 Ng6 13. O-O-O Nf4 14. Bxf4 exf4 15. h4 Ne5 16. Nxe5 fxe5 17. Qf3 a5 18. a3 a4 19. Ba2 b5 20. Kb1 c5 21. Bd5 Rb8 22. g5 b4 23. cxb4 cxb4 24. Nc4 bxa3 25. Nxa3 Qb6 26. Rd2 Qb4 27. Nc4 a3 28. d4 a2+ 29. Kxa2 Bxd4 30. Qa3 Ra8 31. Bxa8 Qxc4+ 32. Kb1 Rb8 33. Bd5 Qb5 34. Rc1 Be8 35. Rdc2 h5 36. Be6 Bg6 37. Rc8+ Rxc8 38. Rxc8+ Kh7 39. Bf5 Bxf5 40. exf5 Qf1+ 41. Ka2 g6 42. Qxd6 gxf5 43. Qe7+ Kg6 44. Qf6+ Kh7 45. Rh8# 1-0


[Site "https://www.chess.com"]

[Event "Titled Tuesday Blitz July 25 Late 2023"]
[White "Haitin, Ilja"]
[Black "Cardozo Munar, Carlos Eduardo"]
[WhiteFideId "4501764"]
[BlackFideId "4409477"]
[WhiteElo "2373"]
[BlackElo "2266"]
[Result "1-0"]
[Round "11"]
[TimeControl "180+2"]
[Date "2023.07.25"]
[WhiteClock "0:00:06"]
[BlackClock "0:01:08"]
[Board "87"]

1. Nf3 Nf6 2. b3 d5 3. Bb2 e6 4. e3 c5 5. d4 Nc6 6. Nbd2 b6 7. Bd3 Be7 8. a3 h6 9. O-O O-O 10. Ne5 Nxe5 11. dxe5 Nd7 12. f3 f6 13. exf6 Bxf6 14. Bxf6 Qxf6 15. e4 Bb7 16. Qe2 Ne5 17. Rae1 Rae8 18. f4 Nxd3 19. cxd3 dxe4 20. dxe4 e5 21. f5 Rd8 22. Nf3 Rd7 23. Rd1 Rfd8 24. Rxd7 Rxd7 25. h3 Qd8 26. Nxe5 Re7 27. Qc4+ Kh7 28. Ng6 Rxe4 29. Qf7 Re8 30. Qxb7 Qd4+ 31. Kh1 Qd3 32. Qf3 Re3 33. Qf2 Qxb3 34. f6 gxf6 35. Qxf6 Rxh3+ 36. Kg1 Rg3 37. Qh8+ Kxg6 38. Rf6+ Kg5 39. Qxh6+ Kg4 40. Rf4# 1-0


[Site "https://www.chess.com"]

[Event "Titled Tuesday Blitz July 25 Late 2023"]
[White "Lalanne, Pablo"]
[Black "Sariego Figueredo, Wilfredo"]
[WhiteFideId "112151"]
[BlackFideId "3500080"]
[WhiteElo "2367"]
[BlackElo "2260"]
[Result "0-1"]
[Round "11"]
[TimeControl "180+2"]
[Date "2023.07.25"]
[WhiteClock "0:00:40"]
[BlackClock "0:01:06"]
[Board "88"]

1. d4 d5 2. c4 c6 3. Nc3 Nf6 4. Nf3 a6 5. Bf4 e6 6. e3 Be7 7. h3 O-O 8. Bd3 dxc4 9. Bxc4 b5 10. Bd3 Bb7 11. O-O Nbd7 12. Qe2 c5 13. Rfd1 cxd4 14. exd4 Nb6 15. Rac1 Nbd5 16. Be5 Rc8 17. Bb1 b4 18. Nxd5 Bxd5 19. Qxa6 Ra8 20. Qe2 Bxa2 21. Bd3 Bb3 22. Re1 Bd5 23. Bc7 Qe8 24. Bb5 Qc8 25. Ne5 Qb7 26. f3 Rfc8 27. Qc2 Qxb5 0-1


[Site "https://www.chess.com"]

[Event "Titled Tuesday Blitz July 25 Late 2023"]
[White "Ardila, Oscar Humberto"]
[Black "littlepinkyboy"]
[WhiteFideId "4404742"]
[WhiteElo "2243"]
[BlackElo "2362"]
[Result "1-0"]
[Round "11"]
[TimeControl "180+2"]
[Date "2023.07.25"]
[WhiteClock "0:00:24"]
[BlackClock "0:00:00"]
[Board "89"]

1. d4 d5 2. c4 e6 3. Nc3 Nf6 4. Bg5 Be7 5. e3 O-O 6. Nf3 b6 7. Ne5 Bb7 8. f4 Nbd7 9. Be2 dxc4 10. O-O Nd5 11. Bxe7 Qxe7 12. Qd2 Nxe5 13. fxe5 c5 14. Bxc4 Nxc3 15. bxc3 Qg5 16. Rf4 cxd4 17. cxd4 Rad8 18. Qf2 Bd5 19. Bxd5 Rxd5 20. Rf1 Qe7 21. Qg3 Kh8 22. Qf3 Kg8 23. Qg3 Kh8 24. Qf2 Rd7 25. h4 b5 26. Kh2 b4 27. Qg3 a5 28. h5 a4 29. h6 g6 30. Rf6 b3 31. axb3 axb3 32. Qf2 Kg8 33. Rb1 Rb7 34. e4 Rd8 35. Qe3 b2 36. Qf2 Rdb8 37. g3 Kf8 38. d5 exd5 39. e6 Qe8 40. exd5 Rd8 41. Rxb2 Rxb2 42. Qxb2 1-0


[Site "https://www.chess.com"]

[Event "Titled Tuesday Blitz July 25 Late 2023"]
[White "Gerbelli Neto, Eduardo"]
[Black "Francisco_Ferrari"]
[WhiteFideId "2103281"]
[WhiteElo "2361"]
[BlackElo "2231"]
[Result "0-1"]
[Round "11"]
[TimeControl "180+2"]
[Date "2023.07.25"]
[WhiteClock "0:00:13"]
[BlackClock "0:00:11"]
[Board "90"]

1. e4 c5 2. Nc3 a6 3. f4 b5 4. g3 Bb7 5. Bg2 Nf6 6. Qe2 Nc6 7. Nf3 d6 8. d3 e6 9. O-O Be7 10. h3 O-O 11. g4 Rc8 12. g5 Nd7 13. h4 Nd4 14. Qf2 d5 15. Ne5 c4 16. Be3 Nxe5 17. fxe5 Nxc2 18. Bb6 Qxb6 19. Qxb6 Bc5+ 20. Qxc5 Rxc5 21. Rac1 Ne3 22. d4 Rcc8 23. Rfe1 Nxg2 24. Kxg2 b4 25. Na4 dxe4 26. Nc5 Bd5 27. Kf2 f5 28. gxf6 gxf6 29. Nd7 fxe5+ 30. Nxf8 Rxf8+ 31. Ke3 Rf3+ 32. Ke2 exd4 33. Rg1+ Kf7 34. Rcf1 Rxf1 35. Rxf1+ Ke7 36. a3 bxa3 37. bxa3 c3 38. Rg1 Bc4+ 39. Kd1 d3 40. Rg4 Bb3+ 41. Ke1 d2+ 42. Kf2 d1=Q 43. Rxe4 Qd2+ 44. Re2 Qd4+ 45. Kg3 c2 0-1


[Site "https://www.chess.com"]